[Event "CZE-ch Youth B16 2022"]
[Site "Luhacovice"]
[Date "2022.03.14"]
[Round "3.4"]
[White "Le, Anh Dung"]
[Black "Janous, Marek"]
[Result "1-0"]
[ECO "B12"]
[WhiteElo "1998"]
[BlackElo "2056"]
[Annotator "ChessBase"]
[PlyCount "89"]
[EventDate "2022.03.12"]
[EventType "swiss"]
[EventCountry "CZE"]
[SourceTitle "playchess.com"]
[Source "ChessBase"]
[SourceQuality "1"]
[TimeControl "40/5400+30:1800+30"]

1. e4 c6 2. d4 d5 3. e5 c5 4. dxc5 e6 5. Bd3 Nd7 6. Nf3 Nxc5 7. O-O Ne7 8. Nc3 Nxd3 9. cxd3 Ng6 10. Be3 Be7 11. h4 O-O 12. h5 Nh4 13. Nxh4 Bxh4 14. h6 g6 15. Ne2 Bg5 16. Qd2 Bxe3 17. Qxe3 f6 18. Rac1 Bd7 19. Nd4 f5 20. f4 Qb6 21. Rc2 Rac8 22. Rfc1 Rxc2 23. Rxc2 Rc8 24. Rxc8+ Bxc8 25. Qf2 Bd7 26. Nf3 Qxf2+ 27. Kxf2 Bb5 28. Ke3 b6 29. Ng5 Bd7 30. Kd4 Bc8 31. b4 Bd7 32. a3 Bc8 33. b5 Bd7 34. a4 Bc8 35. Kc3 Bd7 36. Kb4 Bc8 37. a5 Bd7 38. Ka4 Bc8 39. Nf3 Kf8 40. Nd4 Bd7 41. Nc6 bxa5 42. Kxa5 Bxc6 43. bxc6 Ke7 44. Ka6 Kd8 45. Kb7 1-0

[Event "CZE-ch Youth B16 2022"]
[Site "Luhacovice"]
[Date "2022.03.14"]
[Round "3.5"]
[White "Winter, Ondrej"]
[Black "Dolensky, Filip"]
[Result "0-1"]
[ECO "B40"]
[WhiteElo "2147"]
[BlackElo "2021"]
[Annotator "ChessBase"]
[PlyCount "64"]
[EventDate "2022.03.12"]
[EventType "swiss"]
[EventCountry "CZE"]
[SourceTitle "playchess.com"]
[Source "ChessBase"]
[SourceQuality "1"]
[TimeControl "40/5400+30:1800+30"]

1. e4 c5 2. Nf3 e6 3. d4 cxd4 4. Nxd4 Nf6 5. Nc3 Nc6 6. Ndb5 Bb4 7. a3 Bxc3+ 8. Nxc3 d5 9. exd5 exd5 10. Bd3 O-O 11. O-O d4 12. Ne2 Bg4 13. f3 Bh5 14. Bg5 Qd6 15. Ng3 Bg6 16. Bxg6 hxg6 17. Bxf6 Qxf6 18. Ne4 Qd8 19. Kh1 Qb6 20. b3 Rfd8 21. f4 Ne7 22. Qd3 Nf5 23. Rf2 Rac8 24. Re1 Qc6 25. Rfe2 Ne3 26. c4 Qc7 27. Rf2 Re8 28. Qxd4 Ng4 29. Rfe2 Rcd8 30. Qa1 Qxf4 31. g3 Qf3+ 32. Kg1 Rxe4 0-1

[Event "CZE-ch Youth B16 2022"]
[Site "Luhacovice"]
[Date "2022.03.14"]
[Round "3.6"]
[White "Vaclavik, Jan"]
[Black "Vilimek, Vit"]
[Result "0-1"]
[ECO "C06"]
[WhiteElo "1997"]
[BlackElo "1794"]
[Annotator "ChessBase"]
[PlyCount "78"]
[EventDate "2022.03.12"]
[EventType "swiss"]
[EventCountry "CZE"]
[SourceTitle "playchess.com"]
[Source "ChessBase"]
[SourceQuality "1"]
[TimeControl "40/5400+30:1800+30"]

1. e4 e6 2. d4 d5 3. Nd2 Nf6 4. e5 Nfd7 5. Bd3 c5 6. c3 Nc6 7. Ne2 cxd4 8. cxd4 f6 9. exf6 Qxf6 10. Nf3 h6 11. O-O Bd6 12. Be3 O-O 13. Nc3 a6 14. a3 Ne7 15. Qb3 g5 16. Rae1 g4 17. Nd2 Qh4 18. g3 Qh3 19. Be4 Nf6 20. Bg2 Qh5 21. Ne2 Ng6 22. Qb6 Bb8 23. Rc1 Bd7 24. Rfe1 Nh7 25. Nf1 Ng5 26. Bxg5 Qxg5 27. Ne3 h5 28. Rc3 Qf6 29. Nd1 Bc6 30. Re3 e5 31. Nec3 e4 32. Qb3 Qf7 33. Bxe4 dxe4 34. d5 Ba7 35. R3e2 Ne5 36. Nxe4 Nf3+ 37. Kf1 Qxd5 38. Qc3 Qd4 39. Qb3+ Bd5 0-1

[Event "CZE-ch Youth B16 2022"]
[Site "Luhacovice"]
[Date "2022.03.14"]
[Round "3.7"]
[White "Mametev, Artem"]
[Black "Dedek, Jan"]
[Result "1/2-1/2"]
[ECO "B10"]
[WhiteElo "1848"]
[BlackElo "1963"]
[Annotator "ChessBase"]
[PlyCount "92"]
[EventDate "2022.03.12"]
[EventType "swiss"]
[EventCountry "CZE"]
[SourceTitle "playchess.com"]
[Source "ChessBase"]
[SourceQuality "1"]
[TimeControl "40/5400+30:1800+30"]

1. e4 c6 2. Nc3 d5 3. Nf3 dxe4 4. Nxe4 Nd7 5. d4 Ngf6 6. Nxf6+ Nxf6 7. Bc4 e6 8. O-O Bd6 9. Qe2 O-O 10. Bg5 Be7 11. Rad1 Nd5 12. Bxe7 Qxe7 13. Bb3 Qf6 14. c4 Ne7 15. Bc2 b6 16. Qe4 Qg6 17. Qe2 Qf6 18. Qe4 Qg6 19. Qe2 Qf6 20. Ne5 Rd8 21. f4 g6 22. Ng4 Qg7 23. Qe5 Ba6 24. b3 Rac8 25. Nf6+ Kf8 26. Rf3 Ng8 27. Ne4 Rd7 28. Qxg7+ Kxg7 29. Rfd3 Rcd8 30. R3d2 Nf6 31. Nxf6 Kxf6 32. Be4 Bb7 33. Kf2 h5 34. Ke3 Ke7 35. c5 Kf6 36. b4 Rc8 37. h4 Ke7 38. a4 Ba6 39. Bxc6 Rxc6 40. b5 Rcc7 41. bxa6 bxc5 42. dxc5 Rxd2 43. Rxd2 Rxc5 44. Rb2 Ra5 45. Rb7+ Kf6 46. Rxa7 Rxa4 1/2-1/2

[Event "CZE-ch Youth B16 2022"]
[Site "Luhacovice"]
[Date "2022.03.14"]
[Round "3.8"]
[White "Oborny, Stanislav"]
[Black "Stejskal, Michal"]
[Result "0-1"]
[ECO "B31"]
[WhiteElo "1674"]
[BlackElo "1857"]
[Annotator "NA"]
[PlyCount "90"]
[EventDate "2022.03.12"]
[EventType "swiss"]
[EventCountry "CZE"]
[SourceTitle "playchess.com"]
[Source "ChessBase"]
[SourceQuality "1"]
[TimeControl "40/5400+30:1800+30"]

1. e4 c5 2. Nf3 Nc6 3. Bb5 g6 4. c3 Bg7 5. O-O e5 6. Re1 Nge7 7. d3 h6 ({Black should play} 7... O-O $11) 8. Nbd2 O-O 9. Ba4 d6 10. Nf1 f5 11. Ne3 f4 12. Nd5 Nxd5 13. exd5 Ne7 14. d4 cxd4 15. cxd4 Bg4 16. dxe5 Bxe5 17. Qd3 Qa5 (17... Bxf3 $11 {keeps the balance.} 18. Qxf3 a6) 18. Qb5 Qxb5 19. Bxb5 Bxf3 20. gxf3 Kg7 21. Rd1 Nf5 22. Bd3 Nh4 23. Be4 Rf7 24. Rd3 Nf5 25. Kf1 Kf6 26. Rb1 Rc8 27. Bd2 Rfc7 28. Ra3 b6 29. Ra6 g5 30. a4 {[%emt 0:02:03] [#]} Nd4 $17 31. b4 Nc2 32. a5 Na3 33. Rb3 Nc4 34. Be1 Bd4 35. Rd3 Ke5 36. axb6 axb6 37. Ra2 b5 38. Rc2 Nb2 39. Rdd2 Rxc2 40. Bxc2 Kxd5 41. Be4+ Ke5 42. Re2 Kf6 43. Rd2 Be5 44. Bb7 Rc1 45. Re2 Bc3 0-1

[Event "CZE-ch Youth B16 2022"]
[Site "Luhacovice"]
[Date "2022.03.14"]
[Round "3.9"]
[White "Mrazek, Roman"]
[Black "Hak, David"]
[Result "1/2-1/2"]
[ECO "C00"]
[WhiteElo "1820"]
[BlackElo "2132"]
[Annotator "ChessBase"]
[PlyCount "113"]
[EventDate "2022.03.12"]
[EventType "swiss"]
[EventCountry "CZE"]
[SourceTitle "playchess.com"]
[Source "ChessBase"]
[SourceQuality "1"]
[TimeControl "40/5400+30:1800+30"]

1. e4 e6 2. d3 d5 3. Nd2 c5 4. Ngf3 Nf6 5. g3 Nc6 6. Bg2 Be7 7. O-O b5 8. Re1 O-O 9. e5 Nd7 10. h4 Qc7 11. Qe2 Bb7 12. c3 Nb6 13. d4 b4 14. dxc5 Bxc5 15. Nb3 Be7 16. Bf4 bxc3 17. bxc3 a5 18. Nbd4 Nxd4 19. cxd4 Ba6 20. Qd1 Nc4 21. Bf1 Rfb8 22. Bxc4 Bxc4 23. Qc2 Qb6 24. Rab1 Qa6 25. Re3 Rxb1+ 26. Qxb1 Qa7 27. Qc2 Rb8 28. a3 Qb6 29. Rc3 h6 30. Kg2 Bf8 31. Be3 Bb3 32. Qc1 a4 33. Qb2 Qa5 34. Bd2 Qa7 35. Bc1 Bc4 36. Qd2 Rb1 37. Qe3 Rb3 38. Nd2 Rxc3 39. Qxc3 Ba6 40. Bb2 Qb6 41. Nf1 Qb5 42. Ne3 g5 43. hxg5 hxg5 44. Qc2 Be7 45. Bc1 Bd8 46. Bd2 Bb6 47. Qc3 Qe2 48. Qb4 Bd3 49. Qxb6 Be4+ 50. Kg1 Qxd2 51. Qd8+ Kh7 52. Qe7 Qc1+ 53. Nf1 Bg6 54. Kg2 Qd1 55. Qxg5 Qxd4 56. Ne3 Qe4+ 57. Kh2 1/2-1/2

[Event "CZE-ch Youth B16 2022"]
[Site "Luhacovice"]
[Date "2022.03.14"]
[Round "3.10"]
[White "Pelc, Adam"]
[Black "Trojan, Matyas"]
[Result "1-0"]
[ECO "C68"]
[WhiteElo "1811"]
[BlackElo "1582"]
[Annotator "NA"]
[PlyCount "107"]
[EventDate "2022.03.12"]
[EventType "swiss"]
[EventCountry "CZE"]
[SourceTitle "playchess.com"]
[Source "ChessBase"]
[SourceQuality "1"]
[TimeControl "40/5400+30:1800+30"]

1. e4 e5 2. Nf3 Nc6 3. Bb5 a6 4. Bxc6 dxc6 5. O-O Qd6 6. d3 f6 7. Be3 Ne7 8. Nfd2 Be6 9. Nb3 $11 b6 10. N1d2 Ng6 11. a4 c5 12. Nc1 Be7 13. Ne2 O-O 14. f4 exf4 15. Nxf4 Nxf4 16. Rxf4 f5 17. exf5 Bg5 18. Ne4 Qe5 19. Nxg5 Qxe3+ 20. Rf2 Bxf5 21. Qd2 Qxd2 22. Rxd2 h6 23. Nf3 Rfe8 24. Kf2 Re7 25. Re2 Rae8 26. Rae1 Rxe2+ 27. Rxe2 Rxe2+ 28. Kxe2 Bd7 29. b3 Bg4 30. Ke3 Bxf3 31. Kxf3 Kf7 32. Ke4 Ke6 33. c3 a5 34. d4 cxd4 35. Kxd4 c6 36. b4 Kd6 37. bxa5 bxa5 38. Kc4 g6 39. g3 h5 40. h4 Ke5 41. Kc5 Kf5 42. Kxc6 Kg4 43. c4 Kxg3 44. c5 Kxh4 45. Kb5 Kg3 46. c6 h4 47. c7 h3 48. c8=Q h2 49. Qc6 g5 50. Kxa5 g4 51. Kb4 Kh3 52. a5 g3 53. a6 g2 54. Qf3+ 1-0

[Event "CZE-ch Youth B16 2022"]
[Site "Luhacovice"]
[Date "2022.03.14"]
[Round "3.11"]
[White "Vasinek, Martin"]
[Black "Zrubek, Adam"]
[Result "1-0"]
[ECO "D07"]
[WhiteElo "1594"]
[BlackElo "1661"]
[Annotator "NA"]
[PlyCount "51"]
[EventDate "2022.03.12"]
[EventType "swiss"]
[EventCountry "CZE"]
[SourceTitle "playchess.com"]
[Source "ChessBase"]
[SourceQuality "1"]
[TimeControl "40/5400+30:1800+30"]

1. d4 d5 2. c4 Nc6 3. Nc3 Nf6 4. Nf3 dxc4 5. e4 Bg4 6. Be3 e6 7. Bxc4 Bb4 8. Qd3 Qd7 9. Bb5 Bxf3 10. gxf3 a6 11. Ba4 Rd8 12. O-O-O b5 13. Nxb5 Ra8 14. Na7 Nxa7 15. Bxd7+ Kxd7 16. Bd2 Bxd2+ 17. Rxd2 Nc8 18. Kb1 Ne7 19. Rc1 c6 20. Rc3 Rhb8 21. Rb3 Rxb3 22. Qxb3 Kc7 23. Rc2 h6 24. Qb4 Nfg8 25. Rc3 Rb8 26. Qa5+ 1-0

[Event "CZE-ch Youth B16 2022"]
[Site "Luhacovice"]
[Date "2022.03.14"]
[Round "3.12"]
[White "Simek, Viktor"]
[Black "Zezula, Jakub"]
[Result "0-1"]
[ECO "C51"]
[WhiteElo "1527"]
[BlackElo "1891"]
[Annotator "NA"]
[PlyCount "80"]
[EventDate "2022.03.12"]
[EventType "swiss"]
[EventCountry "CZE"]
[SourceTitle "playchess.com"]
[Source "ChessBase"]
[SourceQuality "1"]
[TimeControl "40/5400+30:1800+30"]

1. e4 e5 2. Nf3 Nc6 3. Bc4 Bc5 4. b4 Bxb4 5. c3 Be7 6. d4 Na5 7. Nxe5 Nxc4 8. Nxc4 d5 9. exd5 Qxd5 10. Ne3 Qd8 11. O-O Nf6 12. Nd2 O-O 13. Nf3 c6 14. Qc2 Re8 15. Rd1 Qc7 16. c4 h6 17. Bb2 Be6 18. Rac1 Rac8 19. Qb3 Qb6 20. d5 Qxb3 21. axb3 cxd5 22. cxd5 Rxc1 23. Bxc1 Bd7 24. d6 Bd8 25. Ba3 Bb6 26. Nc4 Bc6 27. Nxb6 axb6 28. h3 Nd7 29. Nd4 g6 $14 30. Rc1 f5 31. Nxc6 bxc6 32. Rxc6 Kf7 33. Rc1 Ne5 34. Re1 Nf3+ 35. gxf3 Rxe1+ 36. Kg2 Ke6 37. Kg3 Rb1 38. d7 Kxd7 39. Bf8 Rxb3 40. Bxh6 Ke6 0-1

[Event "CZE-ch Youth B16 2022"]
[Site "Luhacovice"]
[Date "2022.03.14"]
[Round "4.1"]
[White "Jirasko, Miroslav"]
[Black "Smolik, Jachym"]
[Result "0-1"]
[ECO "B12"]
[WhiteElo "1933"]
[BlackElo "2277"]
[Annotator "ChessBase"]
[PlyCount "105"]
[EventDate "2022.03.12"]
[EventType "swiss"]
[EventCountry "CZE"]
[SourceTitle "playchess.com"]
[Source "ChessBase"]
[SourceQuality "1"]
[TimeControl "40/5400+30:1800+30"]

1. e4 c6 2. d4 d5 3. f3 e6 4. Nc3 Bb4 5. Bf4 Ne7 6. Qd3 b6 7. Nge2 O-O 8. O-O-O Ba6 9. Qe3 c5 10. a3 Bxc3 11. Qxc3 Bxe2 12. Bxe2 c4 13. h4 Nbc6 14. h5 b5 15. Qe1 f6 16. g4 Qb6 17. Bd6 Rad8 18. Bc5 Qc7 19. Kb1 Rf7 20. Rg1 h6 21. Bf1 e5 22. Qg3 Nc8 23. g5 fxg5 24. Bh3 Rf6 25. dxe5 Nxe5 26. Bd4 Rf4 27. Be6+ Kh8 28. Bxe5 Qxe5 29. Bxc8 Rxc8 30. Rxd5 Qf6 31. Qh3 Rf8 32. e5 Qb6 33. Rgd1 Rxf3 34. Qd7 R3f7 35. Qh3 b4 36. Rd6 Qc5 37. e6 Re7 38. Rd8 Ree8 39. R8d5 Qc6 40. Rd6 Qe4 41. axb4 Rf6 42. Qc3 Rfxe6 43. Rd7 R6e7 44. R7d6 Kh7 45. b5 Re5 46. Rg6 R8e7 47. Rd4 Qh1+ 48. Ka2 Qxh5 49. Ra6 Rxb5 50. Qxc4 Qf7 51. Qxf7 Rxf7 52. b4 Rf4 53. Rd7 0-1

[Event "CZE-ch Youth B16 2022"]
[Site "Luhacovice"]
[Date "2022.03.14"]
[Round "4.2"]
[White "Dolensky, Filip"]
[Black "Le, Anh Dung"]
[Result "1-0"]
[ECO "B01"]
[WhiteElo "2021"]
[BlackElo "1998"]
[Annotator "ChessBase"]
[PlyCount "81"]
[EventDate "2022.03.12"]
[EventType "swiss"]
[EventCountry "CZE"]
[SourceTitle "playchess.com"]
[Source "ChessBase"]
[SourceQuality "1"]
[TimeControl "40/5400+30:1800+30"]

1. e4 d5 2. exd5 Qxd5 3. Nc3 Qd6 4. d4 c6 5. h3 Nf6 6. Nf3 Bf5 7. Bd3 Bxd3 8. Qxd3 Nbd7 9. O-O e6 10. Re1 Be7 11. Ne2 O-O 12. Bf4 Qb4 13. c4 Rac8 14. a3 Qb6 15. Nc3 Qa6 16. Rad1 Rfd8 17. Qe2 Nb6 18. Ne5 Bd6 19. Bg5 Bxe5 20. dxe5 Rxd1 21. Rxd1 Ne8 22. Rd4 Qa5 23. Be7 Na8 24. Bh4 Qc7 25. f4 Nb6 26. b3 Nd7 27. Qd1 Nf8 28. Bd8 Qb8 29. Ne4 c5 30. Rd3 b6 31. Kf2 Qa8 32. Ke3 Ng6 33. g3 h6 34. h4 Nf8 35. a4 Qb8 36. Be7 Ng6 37. Bd8 Nf8 38. h5 Qa8 39. g4 Qb7 40. Qf3 Nd7 41. Nf6+ 1-0

[Event "CZE-ch Youth B16 2022"]
[Site "Luhacovice"]
[Date "2022.03.14"]
[Round "4.3"]
[White "Soucek, Petr"]
[Black "Paseka, Matyas"]
[Result "1-0"]
[ECO "E71"]
[WhiteElo "2194"]
[BlackElo "2058"]
[Annotator "ChessBase"]
[PlyCount "119"]
[EventDate "2022.03.12"]
[EventType "swiss"]
[EventCountry "CZE"]
[SourceTitle "playchess.com"]
[Source "ChessBase"]
[SourceQuality "1"]
[TimeControl "40/5400+30:1800+30"]

1. c4 Nf6 2. Nc3 g6 3. e4 d6 4. d4 Bg7 5. h3 O-O 6. Be3 e5 7. d5 Na6 8. g4 Nc5 9. f3 a5 10. h4 c6 11. h5 a4 12. h6 Bh8 13. Qd2 cxd5 14. cxd5 Bd7 15. Nh3 Qa5 16. Nf2 Rfc8 17. Nb1 Qxd2+ 18. Kxd2 b5 19. Na3 Rab8 20. Rc1 Kf8 21. Be2 Ne8 22. Nd3 Na6 23. Rxc8 Rxc8 24. Rc1 Rb8 25. b3 axb3 26. axb3 Bf6 27. Ra1 Bd8 28. Nc2 Nac7 29. Ndb4 Kg8 30. Ra7 Ra8 31. Rxa8 Nxa8 32. Na6 Ba5+ 33. b4 Bc7 34. Na3 Bc8 35. Nxc7 Naxc7 36. Nxb5 Nxb5 37. Bxb5 Nc7 38. Bc6 Ba6 39. Bb6 Nb5 40. Bxb5 Bxb5 41. Bc7 f6 42. Bxd6 g5 43. Be7 Kf7 44. Bd8 Ba4 45. d6 Ke6 46. Kc3 Bb5 47. d7 Kxd7 48. Bxf6 Be2 49. Bxe5 Bxf3 50. Kd4 Bxg4 51. Bf6 Kd6 52. Bxg5 Bd7 53. Bf4+ Ke7 54. Kc5 Bh3 55. b5 Bg2 56. Kd5 Bf1 57. b6 Ba6 58. Kc6 Bd3 59. e5 Be4+ 60. Kc7 1-0

[Event "CZE-ch Youth B16 2022"]
[Site "Luhacovice"]
[Date "2022.03.14"]
[Round "4.4"]
[White "Stejskal, Michal"]
[Black "Vilimek, Vit"]
[Result "1-0"]
[ECO "A48"]
[WhiteElo "1857"]
[BlackElo "1794"]
[Annotator "NA"]
[PlyCount "137"]
[EventDate "2022.03.12"]
[EventType "swiss"]
[EventCountry "CZE"]
[SourceTitle "playchess.com"]
[Source "ChessBase"]
[SourceQuality "1"]
[TimeControl "40/5400+30:1800+30"]

1. d4 Nf6 2. Nf3 g6 3. Nc3 d5 4. Bf4 c6 5. h3 Bg7 6. e3 Bf5 7. Bd3 Bxd3 8. Qxd3 Nbd7 9. Ne5 Qa5 (9... Nh5 $11) 10. O-O O-O 11. Rfe1 Rac8 12. a3 Nxe5 13. Bxe5 Nd7 14. Bxg7 Kxg7 15. b4 Qc7 16. Ne2 Nb6 17. Nc1 e6 18. Nb3 Nc4 19. Nd2 Nxd2 20. Qxd2 b6 21. Rec1 Qd6 22. c4 Rfd8 23. c5 bxc5 24. Rxc5 Rc7 25. Qc3 Rb8 26. Rc1 h5 27. b5 Rb6 28. a4 Kf8 29. a5 Rb8 30. a6 ({Better is} 30. g3 $18) 30... Rb6 31. Rxc6 ({Resist} 31. bxc6 Rxa6 32. Qc2 Qd8 $16) 31... Rbxc6 32. bxc6 Kg8 33. Qc2 Kf8 34. Qa4 Kg8 35. Qb5 Kg7 36. Rc5 Kf6 37. f4 (37. h4 $18) 37... Kg7 38. Kf2 Kf6 39. Ke2 ({White should try} 39. g3 $18) 39... Ke7 (39... h4 $16 40. Kd1 g5) 40. Qb8 Qd8 41. Qb5 $2 (41. Qb4 $18 Kf6 42. g3) 41... Qd6 $1 42. Kd3 (42. g4 $18) 42... Ke8 (42... h4 $16 {was necessary.} 43. Qb8 Qd8) 43. Kc3 Ke7 44. Kb3 Ke8 (44... h4 $16 45. Kc2 Kf6) 45. Ka4 Ke7 46. g3 Ke8 47. Rc2 Ke7 48. Rc5 Ke8 49. Rc3 Ke7 50. Qb8 Qd8 51. Qxd8+ Kxd8 52. Kb5 Rc8 53. Kc5 Rb8 54. Kd6 Rb6 55. Ra3 Rb1 56. g4 h4 57. f5 exf5 58. gxf5 g5 59. e4 dxe4 60. Re3 Rb6 61. Rxe4 Rxa6 62. d5 Rb6 63. f6 a5 64. Rg4 Ke8 65. Rxg5 Kf8 66. Rg4 Ra6 67. Rxh4 Kg8 68. Ra4 Kf8 69. Kd7 1-0

[Event "CZE-ch Youth B16 2022"]
[Site "Luhacovice"]
[Date "2022.03.14"]
[Round "4.5"]
[White "Janous, Marek"]
[Black "Mametev, Artem"]
[Result "1-0"]
[ECO "A16"]
[WhiteElo "2056"]
[BlackElo "1848"]
[Annotator "ChessBase"]
[PlyCount "79"]
[EventDate "2022.03.12"]
[EventType "swiss"]
[EventCountry "CZE"]
[SourceTitle "playchess.com"]
[Source "ChessBase"]
[SourceQuality "1"]
[TimeControl "40/5400+30:1800+30"]

1. c4 Nf6 2. Nc3 g6 3. g3 Bg7 4. Bg2 O-O 5. d3 d6 6. Nf3 e5 7. O-O c6 8. Rb1 h6 9. Qc2 Be6 10. b4 Nbd7 11. b5 Qc7 12. Nd2 Nc5 13. Ba3 Nfd7 14. bxc6 bxc6 15. Nde4 f5 16. Nxc5 Nxc5 17. Bxc5 dxc5 18. Na4 Qa5 19. Bxc6 Rab8 20. Rb5 Rxb5 21. cxb5 e4 22. dxe4 c4 23. Nc5 Bf7 24. exf5 gxf5 25. Qxf5 Be8 26. Qe6+ Bf7 27. Qg4 c3 28. Nd7 Qd8 29. Nxf8 Kxf8 30. Qf5 Bf6 31. Be4 Bxa2 32. Bc2 Ke7 33. Rd1 Qe8 34. Qe4+ Kf8 35. Qf5 Qe7 36. Qc8+ Qe8 37. Qc5+ Qe7 38. Qh5 Bg5 39. Rd3 Bf7 40. Qf3 1-0

[Event "CZE-ch Youth B16 2022"]
[Site "Luhacovice"]
[Date "2022.03.14"]
[Round "4.6"]
[White "Kubiczek, Michal"]
[Black "Bezdek, Tomas"]
[Result "0-1"]
[ECO "A40"]
[WhiteElo "1720"]
[BlackElo "1855"]
[Annotator "NA"]
[PlyCount "62"]
[EventDate "2022.03.12"]
[EventType "swiss"]
[EventCountry "CZE"]
[SourceTitle "playchess.com"]
[Source "ChessBase"]
[SourceQuality "1"]
[TimeControl "40/5400+30:1800+30"]

1. d4 Nf6 2. c4 e6 3. g3 d5 4. Nf3 b6 5. Bg2 Bb7 6. O-O Be7 7. Nc3 O-O 8. Ne5 {[%emt 0:00:08] 8.cxd5 is the fancy move.} c5 (8... Nbd7 $11) 9. cxd5 exd5 10. dxc5 Bxc5 11. Qa4 Qe7 {[%emt 0:04:56] [#]} 12. Bf4 $146 ({Predecessor:} 12. Nd3 d4 13. Bxb7 Qxb7 14. Nb5 a6 15. Na3 Nbd7 16. b4 {½-½ (17) Vazelakis,D (2007)-Kalogridakis,T (1676) Nea Filadelfia 2012}) 12... d4 13. Bxb7 Qxb7 14. Nb5 Nc6 15. Nxc6 Qxc6 16. Qc4 Qd7 (16... Rfc8 $11) 17. b4 Qh3 18. f3 Be7 19. Nxd4 ({Don't play} 19. Qxd4 Rfd8 20. Qb2 Nd5 $11) 19... Rac8 20. Qb3 Rfd8 21. Rad1 Nd5 22. Bd2 Bf6 23. Nc2 (23. e3 $11) 23... Re8 24. e4 Nc3 25. Rde1 Red8 $15 26. Rf2 Rd3 27. Re3 Ne2+ 28. Rfxe2 Rxb3 29. Rxb3 Rxc2 30. e5 Be7 31. Ra3 Qd7 0-1

[Event "CZE-ch Youth B16 2022"]
[Site "Luhacovice"]
[Date "2022.03.14"]
[Round "4.7"]
[White "Dedek, Jan"]
[Black "Pelc, Adam"]
[Result "1/2-1/2"]
[ECO "E16"]
[WhiteElo "1963"]
[BlackElo "1811"]
[Annotator "ChessBase"]
[PlyCount "121"]
[EventDate "2022.03.12"]
[EventType "swiss"]
[EventCountry "CZE"]
[SourceTitle "playchess.com"]
[Source "ChessBase"]
[SourceQuality "1"]
[TimeControl "40/5400+30:1800+30"]

1. d4 Nf6 2. c4 e6 3. Nf3 b6 4. g3 Bb7 5. Bg2 Bb4+ 6. Bd2 Bxd2+ 7. Qxd2 O-O 8. Nc3 d6 9. O-O Nbd7 10. Qc2 Qe7 11. e4 e5 12. d5 a6 13. b4 Rac8 14. Rab1 c6 15. dxc6 Rxc6 16. Nd5 Nxd5 17. exd5 Rc7 18. Nd2 f5 19. Rfc1 e4 20. Qb3 Rfc8 21. Rd1 Kh8 22. Nf1 Rxc4 23. Ne3 Rc3 24. Qb2 Qf6 25. Qe2 Ne5 26. Qh5 g6 27. Qh6 Nc4 28. Nxc4 R3xc4 29. Rbc1 Bxd5 30. Qd2 Qe5 31. Bf1 Rxc1 32. Rxc1 Rxc1 33. Qxc1 Bxa2 34. Qc8+ Bg8 35. Bxa6 e3 36. fxe3 Qxe3+ 37. Kg2 Qd2+ 38. Kh3 Qxb4 39. Qf8 Qg4+ 40. Kg2 Qe4+ 41. Kh3 Qe5 42. Bc4 Qg7 43. Qd8 h5 44. Bxg8 Qxg8 45. Qxd6 Qc4 46. Qxb6 Qg4+ 47. Kg2 Qe4+ 48. Kg1 Qe1+ 49. Kg2 Qe2+ 50. Kh3 Qe8 51. Qd4+ Kh7 52. Qd6 Qf7 53. Qe5 Qd7 54. Kg2 g5 55. Qf6 g4 56. Qg5 Qf7 57. Kg1 Qa7+ 58. Kg2 Qb7+ 59. Kg1 Qb1+ 60. Kg2 Qe4+ 61. Kg1 1/2-1/2

[Event "CZE-ch Youth B16 2022"]
[Site "Luhacovice"]
[Date "2022.03.14"]
[Round "4.8"]
[White "Zezula, Jakub"]
[Black "Winter, Ondrej"]
[Result "0-1"]
[ECO "B38"]
[WhiteElo "1891"]
[BlackElo "2147"]
[Annotator "ChessBase"]
[PlyCount "134"]
[EventDate "2022.03.12"]
[EventType "swiss"]
[EventCountry "CZE"]
[SourceTitle "playchess.com"]
[Source "ChessBase"]
[SourceQuality "1"]
[TimeControl "40/5400+30:1800+30"]

1. e4 c5 2. Nf3 Nc6 3. d4 cxd4 4. Nxd4 g6 5. c4 Bg7 6. Be3 Nf6 7. Nc3 d6 8. Be2 O-O 9. O-O Bd7 10. Nc2 Be6 11. f3 Nd7 12. Qd2 Nde5 13. Nd5 f5 14. Nd4 Nxd4 15. Bxd4 Bxd5 16. cxd5 fxe4 17. fxe4 Nd7 18. Rxf8+ Qxf8 19. Be3 Nc5 20. Bxc5 dxc5 21. Rf1 Bd4+ 22. Kh1 Qg7 23. b3 Rf8 24. Rxf8+ Qxf8 25. Bc4 Kg7 26. Qe2 Qf4 27. g3 Qc1+ 28. Kg2 Qa1 29. Kh3 a6 30. a4 h5 31. Qf3 Bf6 32. Qe2 Qe5 33. Qf3 Qd4 34. Qd3 Qe5 35. Qf3 Qa1 36. Qe2 Kh6 37. Kg2 g5 38. Qf2 Qb1 39. Qf3 Qe1 40. Be2 g4 41. Qf4+ Kg7 42. Qe3 Qc3 43. Qxc3 Bxc3 44. h3 gxh3+ 45. Kxh3 Kg6 46. g4 hxg4+ 47. Kxg4 Kf6 48. Bd3 Ke5 49. Kg5 Be1 50. Kg6 Kd4 51. Bc2 Kc3 52. Bd1 Kd2 53. Bg4 Kc3 54. Be6 Kd4 55. Kf5 Bg3 56. Bc8 b5 57. axb5 axb5 58. Ba6 c4 59. bxc4 bxc4 60. Bxc4 Kxc4 61. Ke6 Bd6 62. e5 Kc5 63. Kf5 Kxd5 64. exd6 exd6 65. Kf4 Kd4 66. Kf3 Kd3 67. Kf2 d5 0-1

[Event "CZE-ch Youth B16 2022"]
[Site "Luhacovice"]
[Date "2022.03.14"]
[Round "4.9"]
[White "Hak, David"]
[Black "Oborny, Stanislav"]
[Result "1-0"]
[ECO "D35"]
[WhiteElo "2132"]
[BlackElo "1674"]
[Annotator "ChessBase"]
[PlyCount "87"]
[EventDate "2022.03.12"]
[EventType "swiss"]
[EventCountry "CZE"]
[SourceTitle "playchess.com"]
[Source "ChessBase"]
[SourceQuality "1"]
[TimeControl "40/5400+30:1800+30"]

1. d4 Nf6 2. c4 e6 3. Nc3 d5 4. cxd5 exd5 5. Bg5 Be7 6. e3 O-O 7. Bd3 c6 8. Qc2 h6 9. h4 Na6 10. a3 Nc7 11. Nf3 Ne6 12. Bxf6 Bxf6 13. g4 Re8 14. O-O-O b5 15. Rdg1 a5 16. g5 hxg5 17. hxg5 Nxg5 18. Nxg5 Bxg5 19. Rh5 Bf6 20. Rgh1 Kf8 21. Nxd5 g6 22. Nxf6 Qxf6 23. Rh8+ Ke7 24. Qc5+ Kd7 25. Rxe8 Kxe8 26. d5 Bd7 27. dxc6 Bxc6 28. Bxb5 Bxb5 29. Qxb5+ Kf8 30. Qc5+ Kg8 31. Qc3 Qxc3+ 32. bxc3 Rb8 33. Kc2 Kg7 34. Rb1 Rh8 35. c4 Kf6 36. Kc3 Rh2 37. Rb2 Ke6 38. Rd2 g5 39. c5 g4 40. c6 Rh5 41. Kc4 Rh8 42. Kc5 Rc8 43. Kb6 Rb8+ 44. Ka7 1-0

[Event "CZE-ch Youth B16 2022"]
[Site "Luhacovice"]
[Date "2022.03.14"]
[Round "4.10"]
[White "Mrazek, Roman"]
[Black "Vaclavik, Jan"]
[Result "0-1"]
[ECO "B32"]
[WhiteElo "1820"]
[BlackElo "1997"]
[Annotator "ChessBase"]
[PlyCount "44"]
[EventDate "2022.03.12"]
[EventType "swiss"]
[EventCountry "CZE"]
[SourceTitle "playchess.com"]
[Source "ChessBase"]
[SourceQuality "1"]
[TimeControl "40/5400+30:1800+30"]

1. e4 c5 2. Nf3 Nc6 3. d4 cxd4 4. Nxd4 e5 5. Nb5 d6 6. c4 a6 7. N5c3 Nf6 8. Bg5 Be7 9. Bxf6 Bxf6 10. Nd5 Bg5 11. Nbc3 Be6 12. Bd3 O-O 13. O-O Rc8 14. b4 Nd4 15. Qa4 Bd2 16. b5 Qg5 17. f4 exf4 18. Kh1 Bg4 19. Qa3 f3 20. g3 Bh3 21. Qxd6 Rcd8 22. Qb6 Bg2+ 0-1